[Event "44th Chess Olympiad Open 2022"]
[Site "Chennai"]
[Date "2022.08.06"]
[Round "8.6"]
[White "Maghsoodloo, Parham"]
[Black "Moussard, Jules"]
[Result "1/2-1/2"]
[WhiteElo "2701"]
[BlackElo "2672"]
[Annotator "TA"]
[PlyCount "91"]
[EventDate "2022.??.??"]
[TimeControl "60"]

1. d4 Nf6 2. c4 e6 3. Nf3 d5 4. g3 Bb4+ 5. Bd2 Be7 6. Bg2 O-O 7. O-O Nbd7 8. c5 {[%emt 0:
00:00] [#] E11: Bogo-Indian.} b6 $146 ({Predecessor:} 8... Ne4
9. Nc3 f5 10. Bf4 g5 11. Be3 c6 12. Nxe4 fxe4 13. Ne5 Nxe5 14. dxe5 Qe8 15. f3
exf3 16. exf3 {1-0 (31) Donchenko,A (2599)-Niemann,H (2656) Jermuk 2022}) 9. c6 Nb8 10. Qc2 {[%emt 0:00:19] The position is
equal.} a5 11. Rc1 Ba6 12.
Bf4 Ne4 13. a4 g5 14. Be3 f6 ({Black should try} 14...
Nd6 $11) 15. h4 $14 Nd6 16. Bh3 Bc8 17. Na3 {[%emt 0:00:10] Inhibits Nc4. White is much
more active.} Na6 18. Nb5 (18. hxg5 $16 fxg5
19. Qb3) 18... Nb4 $11 19. Qb1 gxh4 20. Nxh4 f5 {[%emt 0:00:07] [#] ...f4 is the strong
threat.} 21. Bh6 Rf6 22. Bg5 Rf7 $36 {[%emt 0:00:13] Black has good play.} 23. Nxd6 cxd6 24. c7 Qf8 25. Bxe7 Rxe7 26. Ra3 Ra7 27.
Rac3 Qf7 (27... Qe8 $5 ) 28. g4 (28. Ng2 $11) 28... Qg7 ({
Don't play} 28... Raxc7 29. gxf5 Na6 30. fxe6 Bxe6 31. Nf5 Bxf5 32. Qxf5 $16) (
28... f4 $1 $15) 29. Ng2 $1 fxg4 30. Bxg4 {[%emt 0:07:48] [#] Strongly threatening Rg3.} Qxd4 $2 ({Resist} 30... Qxg4 31. Rg3 Qxg3 32. fxg3 $16) (30... Kh8 $11 {and Black
stays safe.} 31. Bh3 (31. Ne3 $2 Qxd4 32. Bh3 Qg7+ 33. Ng2 d4 $19) 31... Qf7)
31. Rd1 $2 Qf6 32. Rf3 Qh6 33. Rh3 Qf8 34. Rf3 Qh6 {[%emt 0:00:03] Hoping for ...Rg7.} 35. Rh3 Qf8 36. Rf3 Rf7 37. Rxf7 Qxf7 38. Qc1 {[%emt 0:00:01] aiming for Qg5+.}
Qxc7 39. Qh6 {[%emt 0:00:04] Threatens to win with Rc1.} Qe7 (39... Qg7 $5 40. Bxe6+ Bxe6 41. Qxe6+ Rf7 $11)
40. Rc1 (40. Kh1 $5 ) 40... Rc7 41. Rxc7 Qxc7 42. Bxe6+ Bxe6 43. Qxe6+ Kf8 $1 44. Qf6+ {
[%emt 0:00:00] White has compensation.} Kg8 45. Qe6+ Kf8 $1 46. Qf6+ {[%emt 0:00:00] Weighted Error Value:
White=0.23 (precise) /Black=0.22 (precise)} 1/2-1/2

[Event "44th Chess Olympiad Open 2022"]
[Site "Chennai"]
[Date "2022.08.06"]
[Round "8.6"]
[White "Idani, Pouya"]
[Black "Cornette, Matthieu"]
[Result "1-0"]
[WhiteElo "2641"]
[BlackElo "2551"]
[Annotator "TA"]
[PlyCount "67"]
[EventDate "2022.??.??"]
[TimeControl "60"]

1. e4 c5 2. Nf3 Nc6 3. Bc4 e6 4. O-O Nf6 5. Re1 Nxe4 6. Rxe4 {
[%emt 0:00:05] B30: Sicilian: 2...Nc6 3 Bb5, lines without ...g6.} d5 {[%emt 0:
00:03] [#]} 7. Bxd5 Qxd5 8. Nc3 {[%emt 0:00:
06] The position is equal.} Qf5 9. d4 cxd4 10. Nxd4 Nxd4 11. Rxd4 {
[%emt 0:00:09] Rd8+ is the strong threat.} Be7 {[%emt 0:00:08] Prevents Rd8+.}
12. Qe2 O-O (12... Bd7 {seems wilder.} 13.
Bf4 Bc6 14. Bd6 Bxd6 15. Rxd6 Qg5) 13. Be3 {[%emt 0:00:11] [#]} b6 $146 ({Predecessor:} 13... Bf6 14. Rf4 Qg6 15. Rg4 Qf5 16. Ne4 e5
17. h3 Kh8 18. Ng3 Qe6 19. Nh5 Bd7 {½-½ (42) Adhiban,B (2648)-Sethuraman,S 
(2619) chess24.com INT 2022}) 14. Rad1 Re8 15. Rf4 Qg6 16. Rg4 Qf5 17. Bh6 Bf8 18. Ne4 {[%emt 0:07:55][%cal Yh6g7] And now Bxg7! would win.} Ba6 19. c4 $1 {[%emt 0:00:09] Black must now prevent Ng3.} Red8 {
[%emt 0:01:38][%cal Ya6c4] aiming for ...Bxc4!} (19... Bxc4 $2 20. Qxc4 $1 Rad8
21. Bd2 $1 $18) 20. Ng3 ({White should play} 20. h3 $1 $11 f6
21. Bxg7 Bxg7 22. Ng3) 20... Rxd1+ (20... Qc5 $1 $15) 21. Qxd1
$11 Qe5 {[%emt 0:00:10] [#] Strongly threatening ...f5.} 22.
Bxg7 $1 Bxg7 23. Nh5 $1 Kh8 24. Rxg7 $18 Bxc4 25. h4 $2
$40 {[%emt 0:17:44] Black needs to defend precisely.} (25. Rxf7 $18 {Hoping
for Nf6.} Kg8 26. Rg7+ Kh8 27. Rxa7 $3) 25... Qe2 $2 (25...
Be2 $14 26. Qc2 Qxh5) 26. Qd4 ({Not} 26. Qxe2 Bxe2
27. f3 Bd3 $11) 26... e5 {[%emt 0:00:24] [#]} 27. Qd6 {[%emt 0:01:18][%cal
Yd6f6] Qf6! would kill now.} Qe1+ (27... Qxh5 $18 28. Rg5 Qxg5
29. hxg5 Bxa2) 28. Kh2 Qxf2 29. Rg4 (29. Rg3 $142 Bd3 30. Qxe5+ f6 31. Qe7 Qxg3+ 32. Nxg3 h6 33. Nh5 Rg8
34. Qxf6+ Kh7 35. Qe7+ Kh8 36. Qe5+ Kh7 37. Qc7+ Kg6 38. Nf4+ Kf6 39. Qd6+ Kf5
40. Nxd3) 29... Qf5 {[%emt 0:00:50] White is clearly winning.} 30. Rxc4 Qxh5 31. Qf6+ Kg8 32. Kh3 ({Stronger than} 32. g4 Qg6 33. Qxe5 h6 $11)
32... Re8 33. Rg4+ Kf8 34.
Rg5 {[%emt 0:00:27] Weighted Error Value: White=0.38/Black=0.69} 1-0

[Event "44th Chess Olympiad Open 2022"]
[Site "Chennai"]
[Date "2022.08.06"]
[Round "8.6"]
[White "Fressinet, Laurent"]
[Black "Tabatabaei, M. Amin"]
[Result "1/2-1/2"]
[WhiteElo "2631"]
[BlackElo "2664"]
[Annotator "TA"]
[PlyCount "76"]
[EventDate "2022.??.??"]
[TimeControl "60"]

1. d4 Nf6 2. c4 e6 3. g3 d5 4. Bg2 dxc4 5. Qa4+ Nbd7 6. Qxc4 c5 {[%emt 0:00:35] E03:
Open Catalan: 5 Qa4+ Nbd7 6 Qxc4.} 7. Nf3 a6 8. Qb3 cxd4 9. Nxd4 Nc5 10. Qe3 Nd5 11.
Qd2 b5 12. Nc3 Bb7 {[%emt 0:
00:09] Prevents Nc6.} 13. Nxd5 Bxd5 {[%emt 0:00:06] [#]} 14.
O-O $146 ({Predecessor:} 14. Nc6 Qd7 15. Ne5 Qb7 16. Bxd5 exd5
17. O-O Be7 18. Rd1 O-O 19. Qc2 Rac8 20. Qf5 {0-1 (48) Jumabayev,R (2658)
-Petrosyan,M (2605) Riga 2021}) 14... Bxg2 15. Kxg2 e5 16. Nb3 Qxd2 17.
Bxd2 Na4 18. Rab1 Rc8 19. Rfc1 Rxc1 20. Nxc1 Bd6 21. b3 Nc5 22. Bb4 e4 {[%emt 0:10:05] Inhibits Nd3.} 23. a4 Kd7 24. axb5 axb5 25. Na2 Rc8 26. Rc1 Rc6 27. Bxc5 Bxc5 $11 {[%emt 0:00:43]
Endgame KRB-KRN} 28. e3 f5 29. h4 {[%emt 0:
03:22] The position is equal.} g6 30. Kf1 Rc7 31. Ke2 Bd6 32. Rxc7+ Kxc7 {[%emt 0:00:03] KB-KN} 33. Kd1 Kc6 34. Ke2 Kc5 35. Kd1 Be5 36. Ke2 Bf6 37.
Kd2 Be5 38. Ke2 Bf6 {
[%emt 0:00:06] A rather calm draw. Weighted Error Value: White=0.02 (flawless)
/Black=0.03 (flawless)} 1/2-1/2

[Event "44th Chess Olympiad Open 2022"]
[Site "Chennai"]
[Date "2022.08.06"]
[Round "8.6"]
[White "Lagarde, Maxime"]
[Black "Mousavi, Seyed Khalil"]
[Result "1/2-1/2"]
[WhiteElo "2631"]
[BlackElo "2537"]
[Annotator "TA"]
[PlyCount "88"]
[EventDate "2022.??.??"]
[TimeControl "60"]

1. e4 e6 2. d4 d5 3. Nc3 Nf6 4. Bg5 Be7 5. e5 Nfd7 6. h4 h6 7. Bxe7 Qxe7 8. f4 a6 {[%emt 0:06:33]
C14: French: Classical System: 4 Bg5 Be7 main line.} 9. Nf3 c5 10. Qd2 b5 {[%emt 0:09:37] [#]} 11. a3 $146 ({Predecessor:} 11. Ne2 Nc6 12. dxc5 Nxc5 13. O-O-O b4 14. Ned4
Bd7 15. Nxc6 Bxc6 16. Nd4 Bd7 17. Kb1 {½-½ (42) Yu,Y (2675)-Nguyen,N (2621)
Tabriz 2014}) 11... Bb7 12. Bd3 O-O 13. g4 Nc6 14. O-O-O b4 15. axb4 cxd4 16. Ne2 Qxb4 (16... Nxb4 $15
17. Kb1 Qc5) 17. Qxb4 Nxb4 {[%emt 0:00:08] The position is
equal.} 18. Nexd4 Nc5 19. Kd2 a5 20. Ke3 a4 21. Ra1 Rfb8 22. Ra3 Nbxd3 23. cxd3 {[%emt 0:00:07] Rc1 is the strong threat.} Ba6 $1 24. Rh2 (24. Rb1 {looks sharper.} Rb4 25. Ne1 Rab8 26.
Rc1) 24... Nxd3 25. Rxd3 Bxd3 26. Kxd3 a3 27. bxa3 Rxa3+ 28. Kd2 Rb2+ 29. Kc1 Rxh2 30. Nxh2 Re3 {[%emt 0:
01:47] And now ...Re4 would win.} 31. Nhf3 Re4 32. f5 exf5 33. gxf5 g5 34. fxg6 fxg6 35. Kd2 g5 36. hxg5 hxg5 37. Nc6 g4 38. Ng5 g3 {
[%emt 0:02:00] [#] Strongly threatening ...g2.} 39. Nxe4 g2 40. Nf6+ Kh8 (40... Kf7 $5
41. e6+ (41. Nd8+ $2 Kg6 $19) 41... Kxf6 $11) 41. e6 {[%emt 0:33:14] Hoping
for e7.} g1=Q 42. e7 Qf2+ 43. Kd1 Qf1+ (43... Qxf6 $5 44. e8=Q+ Kg7 $14
) 44. Kd2 Qf2+ {[%emt 0:00:04] An even fight not without its
subleties. Weighted Error Value: White=0.06 (flawless) /Black=0.06 (flawless)}
1/2-1/2

[Event "44th Chess Olympiad Open 2022"]
[Site "Chennai"]
[Date "2022.08.06"]
[Round "8.7"]
[White "Korobov, Anton"]
[Black "Supi, Luis Paulo"]
[Result "1/2-1/2"]
[WhiteElo "2692"]
[BlackElo "2603"]
[Annotator "TA"]
[PlyCount "60"]
[EventDate "2022.??.??"]
[TimeControl "60"]

1. d4 d5 2. c4 e6 3. Nc3 a6 4. cxd5 exd5 5. Bf4 Nf6 6. e3 {[%emt 0:00:
00] D31: Queen's Gambit Declined: Semi-Slav without ...Nf6 (+ Marshall Gambit
and Noteboom) and Exchange Variation lines without ...Nf6.} c5 7. Nge2 Nc6 8. g3 cxd4 9. exd4 {[%emt 0:00:19] [#]} h6 $146 ({
Predecessor:} 9... Bg4 10. Bg2 Bb4 11. h3 Bxc3+ 12. bxc3 Be6 13. Bg5 O-O 14.
O-O h6 15. Bxf6 Qxf6 {1-0 (56) Wang,S (2459)-Nie,X (2376) Shaoxing 2021}) 10.
Bg2 Bd6 11. O-O ({Wrong is} 
11. Nxd5 $2 Nxd5 12. Bxd5 Bb4+ 13. Nc3 Bxc3+ 14. bxc3 Qxd5 $19) 11... O-O 12. Bxd6 Qxd6 13. Nf4 Be6 14. Re1 Rfe8 15. Nxe6 Rxe6 16. Rxe6 Qxe6 17. Qb3 Nxd4 {[%emt 0:
00:00] Pair of Knights!} 18. Qxb7 Rd8 19. Rd1
{[%emt 0:02:00] The position is equal.} Ne2+ 20. Nxe2 Qxe2 21. Qb3 Ne4 22. Bxe4 Qxe4 $11 {[%emt 0:02:30] Endgame KQR-KQR} 23.
Qb6 Re8 24. Qxa6 Qc2 $1 25. Qf1 Qxb2 26. Rxd5 Qxa2 27. Qd1 Re1+ 28. Qxe1 {[%emt 0:00:06] [#] Rd8+ would
kill now.} Qxd5 29. Qe8+ Kh7 30. h4 h5 {[%emt 0:00:08] Weighted Error Value: White=0.03 
(flawless) /Black=0.02 (flawless)} 1/2-1/2

[Event "44th Chess Olympiad Open 2022"]
[Site "Chennai"]
[Date "2022.08.06"]
[Round "8.7"]
[White "Shevchenko, Kirill"]
[Black "Mekhitarian, Krikor Sevag"]
[Result "1/2-1/2"]
[WhiteElo "2654"]
[BlackElo "2542"]
[Annotator "TA"]
[PlyCount "98"]
[EventDate "2022.??.??"]
[TimeControl "60"]

1.
e4 e5 2. Nf3 Nc6 3. Bb5 Nf6 4. d3 Bc5 5. Bxc6 dxc6 6. Nbd2 {
[%emt 0:00:04] C65: Ruy Lopez: Berlin Defence (3...Nf6), unusual lines and 4
0-0 Bc5.} Nd7 7. O-O O-O 8.
Nc4 Re8 9. Kh1 f6 10. Nh4 Nf8 11. Be3 {[%emt 0:08:51] 
[#]} Bd6 $146 ({Predecessor:} 11... Qe7 12. Bxc5 Qxc5 13. Ne3
Be6 14. g3 a5 15. a4 Rad8 16. Qe2 Bf7 17. f4 Ne6 {1-0 (42) Nisipeanu,L (2657)
-Krysa,L (2523) Spilimbergo 2018}) 12. g3 Bh3 13. Rg1 Be6 14. Nxd6 cxd6 15. f4 $1 f5 16. Nxf5 Bxf5 17. exf5 exf4 18. Bxf4 Qa5 19. g4 $1 Qd5+ 20. Rg2 Re7 21.
Qf1 Rae8 22. c4 Qd4 23. Rd1 Nd7 24. Qf2 (24. g5 $16) 24... Qf6 (24... Re4 $11 25. Bg3 (25.
dxe4 Qxd1+ 26. Rg1 Qd3 $15) 25... Qxf2 26. Bxf2 (26. Rxf2 Rxg4 27. Bxd6 Nf6 $11
) 26... Rf4) 25. h3 {[%emt 0:05:27] White is more active.} (25. Qd2 $16) 25...
Nc5 (25... Re2 $11 {remains equal.} 26. Qxe2 (26. Qxa7 Qxb2
27. Qg1 Qxa2 $14) 26... Rxe2 27. Rxe2 h5) 26. Kh2 $36 {[%emt 0:01:25] White
has strong initiative.} b6 27. Qf3 Qd4 (27... Ne6 $142) 28. Qf2 Qf6 29. b3 d5 30. Qf3 (30. cxd5
$16 {And now d6 would win.} cxd5 31. b4) 30... Qd4 (30... g5
$14) 31. cxd5 cxd5 32. Qf2 {[%emt 0:00:00]
Inhibits Re1.} Qc3 (32... Qxf2 $16 {might work better.} 33.
Rxf2 d4) 33. Qf3 (33. g5 $1 $18) 33... Qd4 $1 34. Bc1 ({Better is} 34. g5 $16) 34... Re3 $1 $11 35. Bxe3 Rxe3 36. Qf1 Nxd3 37. f6 $2 (37. Rxd3 $11 Rxd3 38. Re2)
37... Qe5+ $1 $19 38. Kg1 Nf4 $1 39. f7+ Kf8 40. Rc1 ({
Don't blunder} 40. Rh2 $2 Rg3+ 41. Kh1 Qe4+ 42. Rg2 Rf3 43. Qxf3 Qxf3 $19)
40... Rxh3 {[%emt 0:08:38] White must now prevent ... Qe3+.} (40... Ne2+ $2 {
[#]} 41. Rxe2 $1 Qe6 42. Rc8+ $3 Qxc8 43. Rxe3 $18) 41. Qf2 Qe4 42. Rc2 $2 (42. Re1 Qxg2+ 43. Qxg2 Nxg2
44. Kxg2) 42... Rf3 {[%emt 0:00:00] Deflection} ({Stronger than} 42... Qxg2+
43. Qxg2 Nxg2 44. Rc8+ Kxf7 45. Rc7+ Kf6 46. Kxg2 $17) 43. Qh4 Qe3+ $2 (43... Nxg2 44. Rxg2 Qe3+ 45. Kh2 Qf4+ 46. Rg3 Kxf7)
44. Rgf2 {[%emt 0:00:00] Qd8+ is the strong threat.} Rg3+ $2 (
{Worse is} 44... Kxf7 45. Rc7+ Kg6 46. Rc6+ Kf7 47. Rc7+ Kg6 48. Rc6+ Kf7 49.
Rc7+ $11) ({Black should play} 44... Nh3+ $19 45. Qxh3 Qxf2+ 46. Rxf2 Rxh3) 45.
Kf1 $11 {[%emt 0:00:00] White wants to mate with Qd8+. The position is equal.}
Qd3+ 46. Rce2 $1 Qd1+ (46... Rf3 $2 47. Qe7#) 47. Re1 {[%emt 0:00:01][%csl Ge1][%cal
Rh4e7] Really sharp!} Qd3+ 48. Ree2 $1 Qb1+ (48... Rf3 $2 49. Qe7#) 49. Re1 Qd3+ {[%emt 0:00:08] Weighted Error
Value: White=0.48/ Black=0.37} 1/2-1/2

[Event "44th Chess Olympiad Open 2022"]
[Site "Chennai"]
[Date "2022.08.06"]
[Round "8.7"]
[White "Fier, Alexandr"]
[Black "Kuzubov, Yuriy"]
[Result "1-0"]
[WhiteElo "2567"]
[BlackElo "2642"]
[Annotator "TA"]
[PlyCount "159"]
[EventDate "2022.??.??"]
[TimeControl "60"]

1. e4 e5 2. Nf3 Nf6 3. Nxe5 d6 4. Nf3 Nxe4 5. d4 d5 6. Bd3 Be7 7. O-O Bf5 8. Re1 Nc6 9. Nbd2 Nxd2 10. Qxd2 Bxd3 11. Qxd3 O-O 12. c3 h6 {[%emt 0:02:04] C42: Petroff Defence: 3
Nxe5 and unusual White 3rd moves.} 13. Bf4 Bd6 14. Be5 Qd7 {[%emt 0:02:43] White has an edge.} 15. Re2 Rfe8 16. Rae1 {[%emt 0:00:05] [#]} Rad8 $146 ({Predecessor:} 16... Bxe5 17. dxe5 Nd8 18. Nd4 Ne6 19. Qe3
Rac8 20. f4 Nxd4 21. cxd4 b6 22. Rd1 c5 {½-½ (33) Schakel,C (2408)-Triay
Moll,L (2360) ICCF email 2017}) 17. Bxd6 Rxe2 18. Qxe2 Qxd6 19. h4 (19.
Nh4 {is interesting.} Kf8 20. Nf5 Qf6 21. Ne3) 19... Qd7 20.
g3 a6 21. Nd2 Nb8 22. Nb3 b6 23. Nc1 Qd6 24. Nd3 Nd7 25. Nf4 a5 26. Kg2 Nf6 27. Qb5 Qd7 28. a4 Qxb5 29.
axb5 $11 {[%emt 0:00:03] Endgame KRN-KRN} Ne4 (29... g5 $5 30. Nd3 Re8 $11) 30. f3 Nd6 31.
Nxd5 Nxb5 32. Re5 Kf8 {[%emt 0:04:05] [#]} 33. Nxb6 $1 Nxc3 34. Nd7+ Rxd7 35. bxc3 $14 {[%emt 0:00:03]
KR-KR} a4 (35... c5 $1 $14) 36. Ra5 $16 {[%emt 0:00:05] White
is more active.} c5 37. Rxa4 cxd4 38. Rxd4 Ra7 39. Kf2 Ra3 40. Rc4 Ke7 41. Ke3 Kd6 42. h5 g6 43. hxg6 fxg6 44. Kd3 h5 45. Rc8 {[%emt 0:00:00] And now Rg8 would win.} Ra5 46. Ke3 Re5+ 47. Kf2 Kd7 (47... Ke7 $11 {keeps the balance.}) 48. Rc4 ({Better is} 48. Rg8 $16) 48... Ra5 $11 49. Ke3 Kd6 50. Rb4 {[%emt 0:07:21] Threatens to win with
Rb6+.} Re5+ 51. Kd3 {[%emt 0:03:21] Hoping for Rb6+.} Rg5 52. g4 Ke6 53. Re4+ Kd6 54. gxh5 (54. c4 $16) 54... gxh5 55. Ke3 Rg8 56. Kf2 Rc8 57. c4 Rh8 58. Kg3 Rg8+ 59. Kh4 Rf8 $1 60. f4 Rf5 61. Kg3 Rf8 62. Re5 h4+ $1 63. Kg4 Rh8 $1 64. c5+ Kc6 65. Kh3 Kb5 66. f5
{[%emt 0:00:00] f6 would kill now.} Rh5 $1 67. Kg4 Rh8 $2 {[%emt 0:00:00] [#] This costs Black the game.} (67... Rh7 $14)
68. Re2 $1 $18 {[%emt 0:00:00] White wants to mate with f6.} h3 69. Rh2 {[%emt 0:00:00] Threatening mate with f6.} Kxc5 70.
f6 {[%emt 0:00:00] White mates.} Rg8+ 71. Kf5 Rg3 72. Kf4 Rg6 {[%emt 0:00:00] [#]} 73. Ke5
$1 Rg5+ 74. Ke6 Rg3 75. Rf2 Rg6 76. Kf5 Rg2 77. Rf3 ({Weaker is} 77. Rf1 Kd6
$11) 77... h2 78. f7 h1=Q 79. f8=Q+ Kd5 80. Qd8+ {[%emt 0:00:00]
Weighted Error Value: White=0.10 (very precise) /Black=0.08 (flawless)} 1-0

[Event "44th Chess Olympiad Open 2022"]
[Site "Chennai"]
[Date "2022.08.06"]
[Round "8.7"]
[White "Diamant, Andre"]
[Black "Onyshchuk, Volodymyr"]
[Result "0-1"]
[WhiteElo "2538"]
[BlackElo "2612"]
[Annotator "TA"]
[PlyCount "100"]
[EventDate "2022.??.??"]
[TimeControl "60"]

1. Nf3 Nf6 2. c4 g6 3. Nc3 Bg7 4. e4 d6 5. d4 O-O 6. Be2 c6 7. O-O e5 8. d5 Na6 9. Bg5 h6 {
[%emt 0:01:57] E94: King's Indian: Classical: 6 Be2 e5 7 0-0: Various Black
7th moves.} 10. Bh4 (10. Be3 $14) 10... Bd7 $5 {[%emt 0:17:59]
Exploring less charted territory.} 11. Nd2 c5 {[%emt 0:07:46]
White is slightly better.} 12. a3 Qe7 13. Rb1 Rfc8 14. b4 Qf8 {[%emt 0:01:
19] [#]} 15. Kh1 $146 ({Predecessor:} 15. Nb5 b6 16. Kh1 Nc7
17. Nc3 Na6 18. Rb3 Be8 19. Bxf6 Bxf6 20. Bg4 {½-½ (52) Damljanovic,B (2534)
-Martinovic,S (2448) Belgrade 2000}) 15... Nh7 16. f3 h5 17. bxc5 (17. Bd3 $16)
17... Nxc5 $14 18. Nb3 Na4 19. Nxa4 Bxa4 20. Qd2 b6 21. Qb4 Qe8 22. Bf2 (22. Qxd6 $2 Bf8 23. Be7 Qxe7 $19) 22... Bh6 23. Nc1 (23. Qxd6 $2 Bf8 24. Qb4 Bxb4 $19) 23... Bd7 24. Na2 (24. Qxd6 $2 Bf8 25. Rxb6 Bxd6 $19) 24... Qe7 25. a4 h4 26. h3 (26. a5 $16) 26... Nf6 27. Bxh4 Kg7 28. g4 $2 (28. Bf2 $1 $11 {and White has
nothing to worry.}) 28... Rh8 $19 {[%emt 0:07:44] White must now prevent ...
Bf4.} 29. Kg2 {[%emt 0:01:30] [#]} (29. g5 $2 Bxg5 $1 30. Kg2 Bxh4 $19) 29...
Bf4 ({Black should try} 29... Be3 $1 $19 {( -> ... Nh5)} 30.
Bg3 Bc5) 30. Bf2 {[%emt 0:00:00] [#]} Rxh3 31. Rh1 {[%emt 0:
00:00] [#] Prevents Rh2+.} (31. Kxh3 $2 {is the wrong capture.} Rh8+ 32. Kg2
Rh2+ 33. Kg1 Qf8 $19) 31... Rhh8 {[%emt 0:02:28] Black is more active.} (31...
Rh7 $1 $17 {aiming for ...Rah8.} 32. Rxh7+ Nxh7) 32. Qb3 {[%emt 0:07:18] [#]} (
32. Nc3 $11 {remains equal.}) 32... Bxg4 $1 $17 33. fxg4 Nxe4 {[%emt 0:00:02] Hoping for ...Nd2.} 34. Nc3 $2 {[%emt 0:
05:42] Loses the game.} (34. Rbg1 $17 {is a better chance.}) 34... Nd2 $1 $19 35. Qc2 Nxb1 36. Qxb1 Rxh1 {[%emt 0:00:09] Chess con chili.} 37. Kxh1 (37. Qxh1 {nothing else works.} Rh8 38. Qg1) 37... Rh8+ 38. Kg1 Qg5 39.
Qe4 {[%emt 0:01:37] Prevents Rh1+.} (39. Ne4 {was worth a try.} Qh6 40. Bf3)
39... f5 ({Weaker is} 39... Qh6 40. Qg2 $17) 40. Qf3 e4 ({Avoid the trap} 40... Qh6 $2 41. Qg2 fxg4 42.
Bxg4 $19) 41. Bd4+ Kf7 42. Nxe4 fxe4 43. Qxe4 Be5 44.
Bf2 Kg7 {[%emt 0:11:19] ...Qc1+ is the strong threat.} 45. a5 (45. Qe3 $142 Qxe3 46. Bxe3) 45... bxa5 46.
c5 dxc5 47. Qa4 Qc1+ 48. Bd1 Rf8 {[%emt 0:00:41] Black mates.} 49.
Bh4 Qe3+ 50. Kg2 Qd2+ {
[%emt 0:00:06] Weighted Error Value: White=0.94/Black=0.34} 0-1

[Event "44th Chess Olympiad Open 2022"]
[Site "Chennai"]
[Date "2022.08.06"]
[Round "8.8"]
[White "Gupta, Abhijeet"]
[Black "Terry, Renato"]
[Result "0-1"]
[WhiteElo "2627"]
[BlackElo "2502"]
[Annotator "TA"]
[PlyCount "120"]
[EventDate "2022.??.??"]
[TimeControl "60"]

1. d4 e6 2. c4 Bb4+ 3. Nd2 Nf6 4. g3 O-O 5. Bg2 d5 6. Ngf3 b6 7. O-O Bb7 8. b3 {[%emt 0:18:09] E16: Queen's Indian:
4 g3 Bb7 5 Bg2 Bb4+.} Nbd7 9. Bb2 Ne4 10. a3 {[%emt 0:00:00] [#] White has an edge.} Bd6 $5 $146 {
[%emt 0:03:58] New and interesting.} ({Predecessor:} 10... Be7 11. Rc1 f5 12.
Ne1 c5 13. cxd5 exd5 14. dxc5 bxc5 15. Nd3 Bd6 16. b4 c4 {½-½ (43) Neto,H 
(2602)-Dronov,A (2676) ICCF email 2015}) 11. b4 f5 12. Ne5 Nxe5 (12... a5 {is
interesting.} 13. Nd3 c6 14. c5 bxc5 15. Nxe4 fxe4 16. Nxc5 Nxc5 17. bxc5 Bc7)
13. dxe5 Be7 14. cxd5 Nxd2 15. Qxd2 Bxd5 16. Bxd5 Qxd5 17. Qxd5 exd5 18. Rfd1 Rfd8 19. b5 Rac8 20. Rac1 c5 21. bxc6 Bc5 22. e6 Rxc6 23. e7 Re8 24. Rxd5 Rxe7 25. Bd4 g6 26. Bxc5 Rec7 27. Kg2 Rxc5 28. Rcxc5 bxc5 $11 {[%emt 0:00:
00] Endgame KR-KR} 29. Kf3 Kf7 30. e4 Ke6 31. Ke3 Rc6 32. f4 Ra6 33. Re5+ Kf6 34. exf5 gxf5 (34... Rxa3+
35. Ke4 $14) 35. Rxc5 Rxa3+ 36. Kd4 Ra2 37. Rc6+ Kg7 38.
h4 Ra3 39. Ke5 Ra5+ 40. Ke6 Kg6 41. Rc8 Ra6+ 42. Ke5 Ra5+ 43. Ke6 Ra6+ 44. Ke7 Kh5 45. Rf8 Kg4 46. h5 h6 ({Much less strong is} 46... Kxh5 47. Rxf5+ Kg6 48.
Rg5+ Kh6 49. Kf7 $16) 47. Kd7 Rb6 ({Much
worse is} 47... Kxg3 $6 48. Rxf5 Kg4 49. Rc5 $17) 48. Kc7 $2 (
48. Ke7 $11 {and White has nothing to worry.}) 48... Rb3 $2 (
48... Kxh5 $19 {...Kg4 is the strong threat.} 49. Rxf5+ Kg4) 49. Rg8+ $1 Kxh5 50. Kd6 $1 Re3 {[%emt 0:
00:00] [#] And now ...a5 would win.} 51. g4+ $1 fxg4 52. f5 Rf3 (52... g3 $5 53. f6 Rd3+
54. Ke5 Rf3 $11) 53. Ke6 Kh4 (53... a5 $5 54.
f6 Kh4 $11) 54. f6 g3 {[%emt 0:00:52] Hoping for ...Kh3.} 55.
f7 h5 {[%emt 0:02:05] aiming for ...Kh3.} 56. f8=Q Rxf8 57. Rxf8 g2 58.
Rg8 Kh3 {[%emt 0:00:04] Strongly threatening ...h4.} 59. Kf5 h4 {[%emt 0:00:32] ( -> ...Kh2)} (59... Kh2 $5 60. Rh8 g1=R $11
) 60. Kf4 $2 {[%emt 0:00:13] [#]} (60. Rg4 $11 Kh2 61. Rxh4+ Kg3 62. Rg4+ Kh2
63. Rg8) 60... Kh2 {[%emt 0:00:04] Weighted Error Value: White=0.31/Black=0.12
(very precise)} 0-1